 Dungeon Crawl Stone Soup version 0.30-a0-772-g5528072125 (webtiles) character file.

Game seed: 15263331800105414627

416 jimonade the Poker (level 7, -1/54 HPs)
             Began as a Formicid Fighter on Feb 13, 2023.
             Killed from afar by Dowan (15 damage)
             ... with a shard of ice
             ... on level 4 of the Dungeon.
             The game lasted 00:06:01 (2822 turns).

jimonade the Poker (Formicid Fighter)               Turns: 2822, Time: 00:06:02

Health: -1/54      AC:  7    Str: 20    XL:     7   Next: 15%
Magic:  7/7        EV:  9    Int: 10    God:
Gold:   219        SH:  5    Dex: 13    Spells: 6/6 levels left

rFire   . . .      SeeInvis +    a - +0 trident
rCold   . . .      Faith    .    c - +0 buckler
rNeg    . . .      Spirit   .    b - +0 scale mail
rPois   .          Reflect  .    (helmet unavailable)
rElec   .          Harm     .    (no cloak)
rCorr   .          Rampage  .    (no gloves)
Will    .....                    (no boots) Stlth
                                 (no amulet)
HPRegen 0.29/turn                (no ring)
MPRegen 0.10/turn                (no ring)

@: no status effects
A: permanent stasis, dig shafts and tunnels, antennae 3, four strong arms
a: Dig, Shaft Self


You were on level 4 of the Dungeon.
You visited 1 branch of the dungeon, and saw 4 of its levels.

You collected 219 gold pieces.

Inventory:

Hand Weapons
 a - a +0 trident (weapon)
 i - a +0 sling
Missiles
 f - 11 stones
 p - 3 boomerangs
Armour
 b - a +0 scale mail (worn)
 c - a +0 buckler (worn)
Jewellery
 k - an amulet of magic regeneration
 r - an amulet of guardian spirit
Wands
 m - a wand of paralysis (9)
Scrolls
 g - a scroll of immolation {unknown}
 h - a scroll of fear {unknown}
 j - a scroll of fog {unknown}
 o - a scroll of teleportation {unknown}
 q - a scroll of noise {unknown}
Potions
 d - a potion of might
 e - a potion of invisibility {unknown}
 l - 2 potions of lignification {unknown}
 n - a potion of curing {unknown}
 s - a potion of magic {unknown}


   Skills:
 + Level 4.2 Fighting
 * Level 5.6 Polearms
 + Level 4.0 Armour
 + Level 0.4 Dodging
 + Level 5.3 Shields


You had 6 spell levels left.
You didn't know any spells.
Your spell library contained the following spells:

 Spells                   Type           Power      Damage    Failure   Level
 Magic Dart               Conj           0%         1d3       77%         1
 Mephitic Cloud           Conj/Pois/Air  0%         N/A       98%         3
 Fire Storm               Conj/Fire      0%         5d1       100%        9


Dungeon Overview and Level Annotations

Branches:
Dungeon (4/15)
 Temple: D:4-7

Altars:

Annotations:
D:4 Dowan


Innate Abilities, Weirdness & Mutations

You cannot be hasted, slowed, berserked, paralysed or teleported.
You can dig through walls and to a lower floor.
You have a pair of large antennae on your head. (SInv)
Your four strong arms can wield two-handed weapons with a shield.


Message History

Dowan blinks!
Dowan zaps a wand.
The bolt of dispelling energy hits you!
Your magical effects are unravelling.
You reach to attack!
You puncture Dowan!
Dowan is heavily wounded.
You feel a little less mighty now.
Dowan zaps a wand.
The bolt of dispelling energy hits you.
Dowan says, "Magic will overcome all!"
Dowan zaps a wand.
The bolt of dispelling energy hits you!
You are too injured to fight recklessly!
You are too injured to fight recklessly!
Dowan closely misses you.
You barely miss Dowan.
Dowan is heavily wounded.
You block Dowan's attack.
Dowan mumbles some strange words.
Dowan blinks!
Dowan casts a spell at you. The shard of ice hits you.
Reach: a) +0 trident
Press: ? - help, Dir - move target, f/p - Dowan
Aim: Dowan, wielding a +0 dagger, wearing a +0 robe and carrying a wand of quicksilver (3) (heavily wounded, fast, about 50% to evade your +0 trident)
You reach to attack!
You barely miss Dowan.
Dowan is heavily wounded.
Dowan barely misses you.
Reach: a) +0 trident
Press: ? - help, Dir - move target, f/p - Dowan
Aim: Dowan, wielding a +0 dagger, wearing a +0 robe and carrying a wand of quicksilver (3) (heavily wounded, fast, about 50% to evade your +0 trident)
You barely miss Dowan.
Dowan is heavily wounded.
Dowan hits you but does no damage. Dowan hits you with a +0 dagger.
* * * LOW HITPOINT WARNING * * *
Reach: a) +0 trident
Press: ? - help, Dir - move target, f/p - Dowan
Aim: Dowan, wielding a +0 dagger, wearing a +0 robe and carrying a wand of quicksilver (3) (heavily wounded, fast, about 50% to evade your +0 trident)
You barely miss Dowan.
Dowan is heavily wounded.
Dowan gestures at you while chanting. The shard of ice hits you!
You die...

...##...#.#
...##.###.#
...##.# #.#
...##.# #.#
...##.# #.#
......#
#.########
..#####
#[.....).#
###
########e#
#@# #.# #.#
#.# #.# #.#
#.# #.# #.#


You could see Dowan (fast).

Vanquished Creatures
  Duvessa (D:4)
  A necrophage (D:4)
  Natasha (thrice) (D:3)
  Robin (D:3)
  6 adders
  2 worms (D:3)
  6 dart slugs
  6 orcs (D:3)
  2 ball pythons (D:2)
  5 bats
  5 endoplasms
  3 giant cockroaches (D:1)
  7 hobgoblins
  12 jackals
  2 quokkas (D:2)
  4 frilled lizards
  15 goblins
  4 rats
85 creatures vanquished.

Notes
Turn   | Place    | Note
-------+----------+-------------------------------------------
     0 | D:1      | jimonade the Formicid Fighter began the quest for the Orb.
     0 | D:1      | Reached XP level 1. HP: 18/18 MP: 1/1
   205 | D:1      | Reached XP level 2. HP: 24/24 MP: 2/2
   327 | D:1      | Reached XP level 3. HP: 29/29 MP: 3/3
  1202 | D:2      | Got the Tome of Battle Magic
  1241 | D:2      | Reached XP level 4. HP: 36/37 MP: 4/4
  1737 | D:3      | Noticed Natasha
  1752 | D:3      | Killed Natasha
  1753 | D:3      | Reached XP level 5. HP: 28/42 MP: 5/5
  1958 | D:3      | Noticed Natasha
  1978 | D:3      | Killed Natasha
  1979 | D:3      | Reached skill level 5 in Shields
  1980 | D:3      | Noticed Natasha
  2004 | D:3      | Killed Natasha
  2213 | D:3      | Reached XP level 6. HP: 48/48 MP: 6/6
  2228 | D:3      | Noticed Robin
  2311 | D:3      | Killed Robin
  2709 | D:4      | Reached skill level 5 in Polearms
  2801 | D:4      | Noticed Duvessa
  2810 | D:4      | Killed Duvessa
  2811 | D:4      | Reached XP level 7. HP: 47/54 MP: 7/7
  2811 | D:4      | Noticed Dowan
  2822 | D:4      | Killed from afar by Dowan

Illustrated notes

Levels and vault maps discovered:
D:1:      evilmike_arrival_rings, layout_loops_corners
D:2:      layout_rooms
D:3:      cheibrodos_helix_gallery, layout_basic, nrook_campfire, uniq_natasha,
          uniq_robin
D:4:      layout_basic, uniq_duvessa

Skill      XL: |  1  2  3  4  5  6 |
---------------+-------------------+-----
Polearms       | 3 4 5 |  5.6
Shields        | 5 |  5.3
Fighting       | 4 |  4.2
Armour         | 4 |  4.0
Dodging        | |  0.4

Action                     |  1- 3 |  4- 6 |  7- 9 || total
---------------------------+-------+-------+-------++-------
  Melee: Trident           |   112 |   194 |     5 ||   311
    Use: Potion            |       |     1 |       ||     1
 Armour: Scale mail        |    49 |    54 |     1 ||   104
  Dodge: Dodged            |    56 |    76 |     2 ||   134
  Block: Buckler           |    25 |    36 |     1 ||    62

Table legend: (Time is in decaauts)
 A = Elapsed time spent in this place.
 B = Non-inter-level travel time spent in this place.
 C = Inter-level travel time spent in this place.
 D = Time resting spent in this place.
 E = Time spent auto-exploring this place.
 F = Levels seen in this place.
 G = Mean time per level.
                   A        B        C        D        E       F      G
               +--------+--------+--------+--------+--------+-----+--------+
         Total |   2874 |   2812 |     62 |     31 |   1862 |   4 |  718.5 |
       Dungeon |   2874 |   2812 |     62 |     31 |   1862 |   4 |  718.5 |
               +--------+--------+--------+--------+--------+-----+--------+

Top non-repeatable levels by time:
     D:3: 1117 daAuts
     D:1: 1040 daAuts
     D:2: 491 daAuts
     D:4: 224 daAuts
